 Dungeon Crawl Stone Soup version 0.31-a0-182-gc5ef74bbde (webtiles) character file.

Game seed: 4733829613867541161

121 qw the Chopper (level 5, 0/32 HPs)
             Began as a Gargoyle Fighter on June 21, 2023.
             Slain by a gnoll
             ... wielding a +0 spear
              (2 damage)
             ... on level 3 of the Dungeon.
             The game lasted 00:00:58 (2007 turns).

qw the Chopper (Gargoyle Fighter)                   Turns: 2007, Time: 00:00:59

Health: 0/32       AC: 14    Str: 21    XL:     5   Next: 5%
Magic:  5/5        EV:  9    Int:  9    God:
Gold:   114        SH:  4    Dex:  9    Spells: 4/4 levels left

rFire   . . .        Y - +0 war axe
rCold   . . .        c - +0 buckler
rNeg    + . .        b - +0 scale mail
rPois   inf          p - +0 helmet
rElec   +            o - +0 cloak
rCorr   +            i - +0 pair of gloves
SInv    .            (no boots)
Will    .....        (no amulet) Stlth
                     g - ring of resist corrosion
HPRegen 0.25/turn    (no ring)
MPRegen 0.09/turn

%: no passive effects
@: no status effects
A: sickness immunity, AC +4, negative energy resistance 1, electricity
resistance, torment resistance 1, petrification resistance
a: no special abilities


You were on level 3 of the Dungeon.
You visited 1 branch of the dungeon, and saw 3 of its levels.

You collected 114 gold pieces.


Innate Abilities, Weirdness & Mutations

You are immune to sickness and miasma.
Your stone body is resilient. (AC +4)
You are immune to poison.
You resist negative energy. (rN+)
You are resistant to electric shocks. (rElec)
You are resistant to unholy torment.
You are immune to petrification.


   Skills:
 - Level 3.2 Fighting
 + Level 4.4 Axes
 - Level 1.0 Throwing
 - Level 3.2 Armour
 - Level 3.2 Shields


You had 4 spell levels left.
You didn't know any spells.
Your spell library was empty.

Inventory:

Hand Weapons
 f - a +0 mace
 Y - a +0 war axe (weapon)
Missiles
 q - 2 silver javelins (quivered)
Armour
 b - a +0 scale mail (worn)
 c - a +0 buckler (worn)
 h - a +0 chain mail
 i - a +0 pair of gloves (worn)
 o - a +0 cloak (worn)
 p - a +0 helmet (worn)
Jewellery
 g - a ring of resist corrosion (left hand)
 k - a +6 ring of dexterity
Scrolls
 a - 2 scrolls of identify
 e - a scroll of immolation {unknown}
 n - a scroll of enchant weapon {unknown}
Potions
 d - a potion of might
 j - a potion of mutation {unknown}
 l - a potion of degeneration {unknown}
 m - a potion of enlightenment {unknown}
 r - a potion of heal wounds {unknown}

Dungeon Overview and Level Annotations

Branches:
Dungeon (3/15)

Altars:


Message History

You barely miss the gnoll. The gnoll closely misses you.
The gnoll hits you but does no damage. The gnoll closely misses you.
You block the gnoll's attack.
You hit the gnoll but do no damage.
The gnoll is moderately wounded.
The gnoll hits you from afar with a +0 spear!
The gnoll closely misses you.
You hit the gnoll.
The gnoll is heavily wounded.
The gnoll hits you from afar with a +0 spear.
You block the gnoll's attack.
You hit the gnoll.
The gnoll is almost dead.
The gnoll barely misses you. The gnoll hits you but does no damage.
You slash the gnoll!
You kill the gnoll!
The gnoll hits you from afar with a +0 spear.
The gnoll hits you but does no damage.
You have reached level 5!
The gnoll hits you with a +0 spear.
You see here a +0 spear.
Enter note: You barely miss the gnoll.
The gnoll hits you but does no damage.
You closely miss the gnoll. The gnoll hits you but does no damage.
The gnoll hits you with a +0 spear.
You barely miss the gnoll. The gnoll barely misses you.
You closely miss the gnoll. The gnoll barely misses you.
You slash the gnoll!
The gnoll is severely wounded.
The gnoll closely misses you.
You barely miss the gnoll.
The gnoll is severely wounded.
The gnoll closely misses you. You block the gnoll's attack.
You barely miss the gnoll.
The gnoll is severely wounded.
The gnoll hits you with a +0 spear.
You die...

#.......#
####.#### #.#
#.# # #.# ..
#########.#
#.##.........#
#....%.#######
#....@...#
####g))..#
........#
#.##...### #
#...# #####


You could see a gnoll.

Vanquished Creatures
  Robin (D:3)
  3 gnolls (D:3)
  An adder (D:3)
  A worm (D:3)
  3 dart slugs
  4 orcs (D:3)
  3 ball pythons
  5 bats
  2 endoplasms
  3 giant cockroaches
  11 goblins
  4 hobgoblins
  2 jackals (D:3)
  7 kobolds
  2 quokkas
  A frilled lizard (D:2)
  2 rats
55 creatures vanquished.

Notes
Turn   | Place    | Note
-------+----------+-------------------------------------------
     0 | D:1      | qw the Gargoyle Fighter began the quest for the Orb.
     0 | D:1      | Reached XP level 1. HP: 14/14 MP: 1/1
     0 | D:1      | 0 ||| qw: Version: 0.3-a-9-g12657ce
     0 | D:1      | 0 ||| qw: Game counter: 1578
     0 | D:1      | 0 ||| qw: Always use a shield: true
     0 | D:1      | 0 ||| qw: God list: Okawaru
     0 | D:1      | 0 ||| qw: Allow faded altars: false
     0 | D:1      | 0 ||| qw: Do Orc after D:15 true
     0 | D:1      | 0 ||| qw: Do second Lair branch before Depths: true
     0 | D:1      | 0 ||| qw: Lair rune preference: random
     0 | D:1      | 0 ||| qw: Plans: Normal, Zot:1-4, Slime:5, God:TSO, Crypt,
                  | Tomb, Abyss, Pan, Hells, Win
     0 | D:1      | 0 ||| PLANNING D:1-11
    86 | D:1      | Reached skill level 2 in Axes
   134 | D:1      | Reached XP level 2. HP: 19/19 MP: 2/2
   428 | D:1      | 428 ||| Stepping ~*~*~tactically~*~*~ (hiding).
   649 | D:1      | 649 ||| Stepping ~*~*~tactically~*~*~ (hiding).
   656 | D:1      | Reached skill level 3 in Axes
   672 | D:1      | 672 ||| Stepping ~*~*~tactically~*~*~ (hiding).
   674 | D:1      | 674 ||| Stepping ~*~*~tactically~*~*~ (hiding).
   808 | D:1      | Found a faded altar of an unknown god.
   839 | D:1      | 839 ||| UPGRADING to +0 pair of gloves.
   844 | D:1      | 844 ||| READING 2 scrolls labelled SAICUYZICW.
   845 | D:1      | 845 ||| READING scroll labelled NAPUNA FOJENY.
   846 | D:1      | 846 ||| READING scroll labelled ETUIQA FUOS.
   931 | D:2      | Reached XP level 3. HP: 17/23 MP: 3/3
  1135 | D:2      | 1135 ||| Stepping ~*~*~tactically~*~*~ (stealth).
  1140 | D:2      | 1140 ||| Stepping ~*~*~tactically~*~*~ (stealth).
  1600 | D:2      | 1600 ||| UPGRADING to +0 cloak.
  1605 | D:2      | 1605 ||| UPGRADING to +0 helmet.
  1610 | D:2      | 1610 ||| UPGRADING to ring of resist corrosion.
  1611 | D:2      | 1611 ||| READING scroll labelled DUHIER LUSYKU.
  1615 | D:2      | 1615 ||| READING 2 scrolls labelled PEPESA KIUSADO.
  1616 | D:2      | 1616 ||| READING 2 scrolls labelled ZUARANOYVECK.
  1617 | D:2      | 1617 ||| READING 2 scrolls of identify.
  1617 | D:2      | 1617 ||| IDENTIFYING fizzy orange potion
  1618 | D:2      | 1618 ||| DROPPING potion of ambrosia.
  1619 | D:2      | 1619 ||| DROPPING scroll of noise.
  1620 | D:2      | 1620 ||| DROPPING scroll of poison.
  1731 | D:3      | 1731 ||| Stepping ~*~*~tactically~*~*~ (stealth).
  1732 | D:3      | Noticed Robin
  1733 | D:3      | 1733 ||| Stepping ~*~*~tactically~*~*~ (stealth).
  1752 | D:3      | Reached skill level 1 in Throwing
  1753 | D:3      | Killed Robin
  1754 | D:3      | Reached XP level 4. HP: 25/28 MP: 4/4
  1763 | D:3      | 1763 ||| Stepping ~*~*~tactically~*~*~ (stealth).
  1800 | D:3      | 1800 ||| FLEEEEING.
  1801 | D:3      | 1801 ||| FLEEEEING.
  1844 | D:3      | 1844 ||| Stepping ~*~*~tactically~*~*~ (stealth).
  1845 | D:3      | 1845 ||| Stepping ~*~*~tactically~*~*~ (stealth).
  1929 | D:3      | Reached skill level 4 in Axes
  1997 | D:3      | HP: 7/28 [gnoll/+0 spear (3)]
  2000 | D:3      | Reached XP level 5. HP: 7/32 MP: 5/5
  2002 | D:3      | HP: 1/32 [gnoll/+0 spear (5)]
  2007 | D:3      | Slain by a gnoll

Levels and vault maps discovered:
D:1:      zelgadis_glass_arrival_large, layout_basic,
          dreamdust_ecumenical_altar_hidden_monk_grotto, minmay_tetromino_o2
D:2:      layout_loops_cross, chequers_serial_rivers_small_a
D:3:      layout_loops_cross, mainiacjoe_overflow_alcove_2, uniq_robin,
          uniq_terence

Skill      XL: |  1  2  3  4 |
---------------+-------------+-----
Axes           | 2 3 4 |  4.4
Throwing       | 1 |  1.0
Fighting       | |  3.2
Armour         | |  3.2
Shields        | |  3.2

Action                     |  1- 3 |  4- 6 || total
---------------------------+-------+-------++-------
  Melee: War axe           |    98 |    52 ||   150
  Throw: Javelin           |     5 |     2 ||     7
    Use: Scroll            |     7 |       ||     7
 Armour: Scale mail        |    46 |    50 ||    96
  Dodge: Dodged            |    43 |    37 ||    80
  Block: Buckler           |    26 |    10 ||    36

Table legend:
 A = Non-vault XP
 B = Vault XP
 C = Vault XP percentage of total XP
 D = Non-vault monster count
 E = Vault monster count
 F = Vault count percentage of total count
                 A         B        C        D         E       F
            +---------+---------+-------+---------+---------+-------
      Total |     138 |      35 |  20.2 |      43 |      12 |  21.8
            +---------+---------+-------+---------+---------+-------
        D:1 |      31 |       2 |   6.1 |      15 |       1 |   6.2
        D:2 |      17 |       0 |   0.0 |      10 |       0 |   0.0
        D:3 |      90 |      33 |  26.8 |      18 |      11 |  37.9
            +---------+---------+-------+---------+---------+-------
